 Dungeon Crawl Stone Soup version 0.30-a0-12-gd8047c6341 (webtiles) character file.

Game seed: 6423348361318381580

1948 IdlyInterested the Insei (level 8, 0/60 HPs)
             Began as a Demonspawn Wanderer on Aug 23, 2022.
             Slain by a sky beast (6 damage)
             ... on level 7 of the Dungeon.
             The game lasted 00:25:32 (8191 turns).

IdlyInterested the Insei (Demonspawn Wanderer)      Turns: 8191, Time: 00:25:33

Health: 0/60       AC: 16    Str: 13    XL:     8   Next: 98%
Magic:  14/14      EV:  6    Int: 17    God:
Gold:   299        SH:  4    Dex: 17    Spells: 15/15 levels left

rFire   . . .      SeeInvis .    w - +4 dire flail
rCold   . . .      Faith    .    (shield currently unavailable)
rNeg    . . .      Spirit   .    t - +0 chain mail
rPois   .          Reflect  .    b - +1 helmet
rElec   .          Harm     .    u - +2 cloak
rCorr   .          Rampage  .    (no gloves)
Will    +....                    C - +0 pair of boots
Stlth   ..........               F - amulet of regeneration
HPRegen 1.00/turn                v - ring of willpower
MPRegen 0.14/turn                x - +6 ring of intelligence

@: lethally poisoned (0 -> 0)
A: yellow scales 1, demonic guardian 1, condensation shield, demonic touch 2
a: no special abilities


You were on level 7 of the Dungeon.
You visited 2 branches of the dungeon, and saw 8 of its levels.

You collected 299 gold pieces.

Inventory:

Hand Weapons
 a - a +2 mace
 e - a +0 flail
 w - a +4 dire flail (weapon)
Missiles
 g - 5 poisoned darts (quivered)
 B - 3 atropa-tipped darts
Armour
 b - a +1 helmet (worn)
 j - a +0 plate armour
 l - a +0 leather armour of willpower
 r - a scarf of harm
 s - a +0 scale mail
 t - a +0 chain mail (worn)
 u - a +2 cloak (worn)
 C - a +0 pair of boots (worn)
Magical Staves
 d - a staff of cold
 o - a staff of earth
 p - a staff of poison
Jewellery
 h - an amulet of faith
 v - a ring of willpower (left hand)
 x - a +6 ring of intelligence (right hand)
 F - an amulet of regeneration (around neck)
Scrolls
 y - a scroll of immolation {unknown}
 A - 2 scrolls of amnesia
 E - a scroll of silence
 G - a scroll of enchant weapon {unknown}
Potions
 c - a potion of attraction
 f - 2 potions of flight
 i - 4 potions of curing
 k - a potion of lignification
 m - 3 potions of brilliance
 n - a potion of might
 q - a potion of resistance
 z - a potion of haste
 D - a potion of mutation {unknown}


   Skills:
 + Level 4.3 Fighting
 + Level 4.9 Maces & Flails
 - Level 2.0 Throwing
 - Level 2.0 Armour
 - Level 2.0 Dodging
 - Level 2.0 Stealth
 * Level 6.0 Unarmed Combat
 - Level 4.0 Spellcasting
 - Level 2.0 Ice Magic
 - Level 1.0 Air Magic
 * Level 0.0 Earth Magic
 - Level 2.0 Poison Magic
 - Level 2.0 Evocations


You had 15 spell levels left.
You didn't know any spells.
Your spell library contained the following spells:

 Spells                   Type           Power      Damage    Failure   Level
 Apportation              Tloc           6%         N/A       99%         1
 Poisonous Vapours        Pois/Air       16%        N/A       99%         2
 Static Discharge         Conj/Air       5%         3-4/arc   99%         2
 Dispel Undead            Necr           3%         3d7       100%        4
 Fulminant Prism          Conj/Hex       1%         3d6       100%        4
 Iskenderun's Mystic Bla  Conj/Tloc      3%         2d3       100%        4
 Sticky Flame             Conj/Fire      3%         2d3       100%        4
 Alistair's Intoxication  Tmut/Pois      4%         N/A       100%        5
 Lee's Rapid Deconstruct  Erth           1%         3d5*      100%        5


Dungeon Overview and Level Annotations

Branches:
Dungeon (7/15)             Temple (1/1) D:6

Altars:
Ashenzari
Dithmenos
Gozag
Hepliaklqana
Kikubaaqudgha
Makhleb
Nemelex Xobeh
Okawaru
Ru
Sif Muna
Trog
Uskayaw
Vehumet
Xom
Yredelemnul


Innate Abilities, Weirdness & Mutations

You are partially covered in yellow scales. (AC +2)
A weak demonic guardian rushes to your aid.
A meltable shield of frost defends you. (SH +4)
Your touch may inflict irresistible damage on your foes.


Message History

Your ufetubus hits the water moccasin.
Your ufetubus closely misses the water moccasin.
You feel extremely sick.
The water moccasin barely misses your ufetubus.
Your ufetubus misses the water moccasin.
Your ufetubus hits the water moccasin. The water moccasin bites your ufetubus.
Your ufetubus hits the water moccasin but does no damage.
Your ufetubus hits the water moccasin.
You feel extremely sick.
The water moccasin closely misses your ufetubus.
Your ufetubus hits the water moccasin. x2
The water moccasin dies!
Training target 2.0 for Poison Magic reached!
Your Unarmed Combat skill increases to level 6!
Your Poison Magic skill increases to level 2!
You feel very sick.
The sky beast barely misses your ufetubus.
Your ufetubus misses the sky beast.
Your ufetubus hits the sky beast but does no damage.
You feel very sick. The sky beast hits your ufetubus.
Your ufetubus dies!
Your ufetubus disappears in a puff of smoke!
You feel very sick.
Throw: 6 darts (poison)
Press: ? - help, Q - select action, (/) - cycle Shift-Dir - straight line, f/p - sky beast
Aim: a sky beast (moderately wounded, 53% to hit)
You throw a poisoned dart.
The poisoned dart barely misses the sky beast.
You feel sick.
You completely miss the sky beast.
The sky beast is moderately wounded.
You feel sick.
The sky beast hits you but does no damage.
You hit the sky beast.
The sky beast is moderately wounded.
You feel sick. The sky beast hits you.
* * * LOW HITPOINT WARNING * * *
A demonic guardian appears!
The sky beast shocks you.
You die...

#####...##
#.........#
..........
+....(....+
#.......# .>.......
#..##...# .......
#..##.#.# .....
#..##.# # (~.
#.....#.# #†#
#...###.# #Y#
#.......# #@#
##..###.#
######.#####
.......[#
#.....5....#
.##.##.##
#.##.....#....
.##.##.####.###...##
## .##.........#
##.## .#####.######
#.# .#####.# #.#
.......# #.#


You could see a sky beast (ally target) and a friendly ufetubus (summoned).

Vanquished Creatures
  A wraith (D:5)
  3 water moccasins
  An orc warrior (D:7)
  2 ice beasts
  A centaur (D:7)
  The ghost of Spectrina the Magician, an amateur DjVM (D:6)
  A phantom (D:6)
  3 necrophages (D:6)
  A scorpion (D:5)
  3 killer bees (D:7)
  A hound (D:5)
  2 orc priests (D:5)
  Crazy Yiuf (D:5)
  Jessica (D:2)
  3 iguanas
  2 orc wizards
  4 adders
  A shadow imp (D:7)
  A white imp (D:6)
  4 worms
  2 dart slugs
  14 orcs
  3 ball pythons
  9 endoplasms
  3 giant cockroaches
  12 goblins
  7 hobgoblins
  6 jackals
  3 quokkas
  5 bats
  2 frilled lizards (D:1)
  8 kobolds
  4 rats (D:1)
115 creatures vanquished.

Vanquished Creatures (collateral kills)
  A water moccasin (D:7)
  A sky beast (D:6)
  Robin (D:3)
  A goblin (D:3)
  A kobold (D:2)
5 creatures vanquished.

Vanquished Creatures (others)
  2 fungi (D:1)
2 creatures vanquished.

Grand Total: 122 creatures vanquished

Notes
Turn   | Place    | Note
-------+----------+-------------------------------------------
     0 | D:1      | IdlyInterested the Demonspawn Wanderer began the quest for
                  | the Orb.
     0 | D:1      | IdlyInterested set off with the following items: a +2 mace,
                  | a +0 pair of gloves, a potion of attraction, a +0 robe; and
                  | the following spells available to memorise: Poisonous
                  | Vapours, Static Discharge.
     0 | D:1      | Reached XP level 1. HP: 16/16 MP: 3/3
   148 | D:1      | Gained mutation: A meltable shield of frost defends you.
                  | (SH +4) [demonic ancestry]
   148 | D:1      | Reached XP level 2. HP: 15/23 MP: 5/5
   863 | D:1      | Reached skill level 1 in Dodging
  1160 | D:2      | Gained mutation: A weak demonic guardian rushes to your
                  | aid. [demonic ancestry]
  1160 | D:2      | Reached XP level 3. HP: 15/28 MP: 6/6
  1815 | D:2      | Noticed Jessica
  1839 | D:2      | Killed Jessica
  1840 | D:2      | Gained mutation: Your touch may inflict minor irresistible
                  | damage on your foes. [demonic ancestry]
  1840 | D:2      | Reached XP level 4. HP: 9/35 MP: 7/7
  2834 | D:3      | Found a sacrificial altar of Ru.
  2854 | D:3      | Found a shadowy altar of Dithmenos.
  3530 | D:3      | Noticed Robin
  3565 | D:3      | Killed Robin
  3702 | D:3      | Reached skill level 1 in Unarmed Combat
  3959 | D:4      | Reached XP level 5. HP: 35/41 MP: 7/9
  4110 | D:4      | Noticed an ice beast
  4135 | D:4      | Killed an ice beast
  4136 | D:4      | Reached skill level 1 in Armour
  4136 | D:4      | Reached skill level 2 in Unarmed Combat
  4136 | D:4      | Gained mutation: You are partially covered in yellow
                  | scales. (AC +2) [demonic ancestry]
  4136 | D:4      | Reached XP level 6. HP: 30/47 MP: 10/10
  4513 | D:4      | Found an iron altar of Okawaru.
  4712 | D:5      | Entered Level 5 of the Dungeon
  5009 | D:5      | Reached skill level 3 in Unarmed Combat
  5364 | D:5      | Noticed a wraith
  5377 | D:5      | Killed a wraith
  5378 | D:5      | Reached XP level 7. HP: 29/52 MP: 11/11
  5597 | D:5      | Reached skill level 1 in Throwing
  6084 | D:5      | Found a runed translucent door.
  6085 | D:5      | Noticed Crazy Yiuf
  6090 | D:5      | Killed Crazy Yiuf
  6372 | D:6      | Reached skill level 4 in Unarmed Combat
  6521 | D:6      | Found a runed translucent gate.
  6521 | D:6      | Found a runed translucent gate.
  6521 | D:6      | Found a runed translucent gate.
  6533 | D:6      | Noticed Spectrina's ghost (amateur DjVM)
  6542 | D:6      | Killed Spectrina's ghost
  6716 | D:6      | Gained mutation: Your touch may inflict irresistible damage
                  | on your foes. [demonic ancestry]
  6716 | D:6      | Reached XP level 8. HP: 60/60 MP: 12/12
  6737 | D:6      | Found a staircase to the Ecumenical Temple.
  6774 | Temple   | Entered the Ecumenical Temple
  7052 | D:6      | Reached skill level 5 in Unarmed Combat
  7535 | D:7      | Reached skill level 1 in Ice Magic
  7891 | D:7      | Reached skill level 1 in Poison Magic
  8186 | D:7      | Reached skill level 6 in Unarmed Combat
  8191 | D:7      | Slain by a sky beast

Illustrated notes

Levels and vault maps discovered:
D:1:      minmay_arrival_diagonal_passages, layout_rooms, st_stairs_13,
          dreamdust_mushroom_princess
D:2:      layout_basic, uniq_jessica
D:3:      layout_basic, grunt_dithmenos_smoke_and_mirrors,
          nicolae_ru_awakened_eye, uniq_robin
D:4:      layout_basic, kennysheep_mini, lemuel_old_faithful
D:5:      layout_loops_ring, hangedman_abyss_or_decor_stagger,
          kennysheep_generic_room_10, uniq_crazy_yiuf_cottage
D:6:      layout_loops_cross, minmay_temple_entry_waves,
          ebering_ghost_rock_garden, nicolae_elevator_lobby_asterisk
D:7:      layout_loops_corners
Temple:   zaba_magenta_temple

Skill      XL: |  1  2  3  4  5  6  7  8 |
---------------+-------------------------+-----
Stealth        | 2 |  2.0
Maces & Flails | 2 3 4 |  4.9
Dodging        | 1 2 |  2.0
Fighting       | 3 4 |  4.3
Unarmed Combat | 1 2 3 4 6 |  6.0
Armour         | 1 2 |  2.0
Spellcasting   | 3 4 |  4.0
Throwing       | 2 |  2.0
Evocations     | 2 |  2.0
Ice Magic      | 2 |  2.0
Poison Magic   | 2 |  2.0
Air Magic      | |  1.0

Action                   |  1- 3 |  4- 6 |  7- 9 || total
-------------------------+-------+-------+-------++-------
Melee: Mace              |    96 |   137 |    80 ||   313
       Touch             |       |    32 |    28 ||    60
       Punch             |       |     1 |     1 ||     2
       Dire flail        |       |       |    53 ||    53
       Staff             |       |       |    15 ||    15
Throw: Dart              |       |       |     6 ||     6
  Use: Scroll            |     2 |     7 |     8 ||    17
       Potion            |       |     2 |     1 ||     3
 Stab: Sleeping          |     6 |     5 |       ||    11
Armor: Robe              |    20 |     3 |       ||    23
       Leather armour    |       |    39 |       ||    39
       Scale mail        |       |     4 |       ||     4
       Chain mail        |       |       |   105 ||   105
Dodge: Dodged            |    65 |    64 |    33 ||   162
Block: Other             |    14 |    25 |    22 ||    61

Table legend: (Time is in decaauts)
 A = Elapsed time spent in this place.
 B = Non-inter-level travel time spent in this place.
 C = Inter-level travel time spent in this place.
 D = Time resting spent in this place.
 E = Time spent auto-exploring this place.
 F = Levels seen in this place.
 G = Mean time per level.
                   A        B        C        D        E       F      G
               +--------+--------+--------+--------+--------+-----+--------+
         Total |   8282 |   7374 |    908 |   2029 |   3686 |   8 | 1035.2 |
       Dungeon |   8206 |   7314 |    892 |   2029 |   3686 |   7 | 1172.3 |
        Temple |     75 |     59 |     16 |      0 |      0 |   1 |   75.0 |
               +--------+--------+--------+--------+--------+-----+--------+

Top non-repeatable levels by time:
     D:2: 1758 daAuts
     D:5: 1571 daAuts
     D:3: 1178 daAuts
     D:1: 1145 daAuts
     D:6: 1075 daAuts
     D:4: 819 daAuts
     D:7: 657 daAuts
  Temple: 75 daAuts
